Map: Heavy Artillery LE

Players

MamaYtka - Winner!

  • Race: Protoss Protoss
  • League: Diamond
  • Spawn Location: 1:00

Alexlocky - Winner!

  • Race: Zerg Zerg
  • League: Diamond
  • Spawn Location: 3:00

Massa

  • Race: Terran Terran
  • League: Gold
  • Spawn Location: 7:00

qqq

  • Race: Zerg Zerg
  • League: Platinum
  • Spawn Location: 7:00

VOD

Have the link to the VOD?

Description

Time

  • Played on: July 27, 2020, 12:23 p.m.
  • Length: 18:09
Show
View Real Time Build Order
Export as new Build Order

MamaYtka Protoss - Winner!

Build Orders: Oracle Opening, Carriers 

Get SALT Encoding   

  12  0:00  Probe  
  13  0:08  Probe  
  14  0:18  Pylon  
  14  0:28  Probe  
  15  0:40  Probe  
  15  0:42  Gateway  
  16  0:48  Assimilator  
  16  0:52  Probe  
  17  1:04  Probe  
  18  1:14  Probe  
  19  1:22  Probe  
  19  1:30  Probe, Cybernetics Core  
  21  1:40  Assimilator  
  21  1:43  Probe  
  22  1:54  Nexus  
  22  1:58  Pylon  
  22  2:16  Probe  
  22  2:19  Stargate  
  23  2:32  Probe  
  23  2:34  Warp Gate  
  24  2:44  Probe  
  25  2:49  Forge  
  25  2:50  Stalker  
  27  2:56  Probe  
  28  3:02  Oracle  
  31  3:05  Probe  
  31  3:06  Probe  
  33  3:13  Probe  
  33  3:17  Probe  
  34  3:24  Photon Cannon  
  35  3:27  Pylon  
  35  3:32  Probe  
  36  3:50  Probe  
  36  3:53  Probe  
  38  3:58  Assimilator  
  38  3:59  Photon Cannon  
  38  4:02  Probe, Assimilator  
  39  4:06  Probe  
  40  4:32  Probe  
  40  4:33  Probe  
  42  4:42  Void Ray  
  42  4:45  Probe  
  47  4:48  Stargate  
  47  4:49  Stargate  
  47  4:51  Probe  
  47  4:53  Probe  
  47  4:58  Fleet Beacon  
  49  5:00  Probe  
  49  5:01  Probe  
  51  5:16  Probe  
  51  5:19  Probe  
  53  5:24  Probe  
  54  5:34  Nexus, Pylon  
  54  5:35  Pylon x2  
  54  5:37  Assimilator  
  54  5:40  Protoss Air Weapons Level 1  
  54  5:41  Assimilator  
  54  5:51  Void Ray  
  54  5:52  Probe x2  
  54  5:55  Pylon  
  54  5:56  Pylon  
  57  6:00  Phoenix  
  57  6:01  Photon Cannon  
  57  6:03  Photon Cannon  
  59  6:04  Phoenix  
  61  6:21  Phoenix  
  61  6:27  Photon Cannon  
  61  6:29  Photon Cannon, Phoenix  
  61  6:31  Pylon  
  65  6:37  Probe x2, Shield Battery  
  67  6:41  Shield Battery  
  67  6:50  Phoenix  
  61  7:16  Anion Pulse-Crystals  
  61  7:22  Phoenix  
  61  7:23  Phoenix x2  
  61  7:29  Probe x3  
  69  7:46  Probe  
  69  7:47  Probe  
  69  7:48  Probe  
  72  7:59  Probe x2, Photon Cannon  
  72  8:00  Photon Cannon  
  72  8:01  Carrier x3  
  90  8:46  Probe  
  90  8:47  Probe x2  
  93  8:52  Nexus  
  93  8:53  Pylon  
  93  8:57  Assimilator  
  93  8:58  Probe  
  93  9:01  Probe x2, Assimilator  
  96  9:05  Carrier  
  100  9:18  Probe x3  
  100  9:20  Carrier x2  
  115  9:30  Probe  
  116  9:31  Protoss Air Weapons Level 2  
  106  10:07  Mothership  
  106  10:08  Carrier  
  106  10:13  Carrier  
  110  10:26  Probe x2  
  120  10:32  Photon Cannon x2  
  120  10:34  Photon Cannon, Carrier  
  132  10:38  Probe x2  
  134  10:47  Pylon  
  134  10:48  Pylon  
  134  10:50  Probe  
  135  11:02  Cybernetics Core  
  135  11:05  Carrier  
  135  11:15  Probe  
  142  11:26  Pylon  
  142  11:29  Shield Battery  
  142  11:32  Pylon  
  142  11:38  Carrier  
  152  11:47  Carrier  
  152  11:56  Probe x2  
  152  11:58  Protoss Air Armor Level 1  
  154  12:12  Protoss Air Weapons Level 3  
  154  12:13  Assimilator  
  154  12:21  Assimilator  
  154  12:43  Carrier  
  160  12:58  Mothership  
  148  13:38  Carrier x2  
  160  13:47  Carrier  
  136  14:58  Carrier  
  142  15:11  Carrier x2  
  154  15:37  Stargate  
  154  15:38  Stargate  
  154  16:02  Carrier  
  160  16:04  Stargate  
  136  17:32  Pylon x2  
  136  17:33  Pylon  
  136  17:35  Pylon  
  142  18:04  Assimilator  
  142  18:08  Nexus, Assimilator  
Show
View Real Time Build Order
Export as new Build Order

Alexlocky Zerg - Winner!

Build Orders: Hatch First, Lurkers 

Get SALT Encoding   

  12  0:05  Drone  
  13  0:10  Drone  
  14  0:35  Hatchery  
  13  0:38  Drone  
  14  0:43  Extractor  
  14  0:44  Drone  
  14  1:27  Spawning Pool  
  14  1:28  Drone  
  14  1:30  Overlord  
  14  1:43  Overlord  
  14  1:50  Extractor  
  14  1:51  Drone x2  
  14  1:52  Drone  
  16  2:02  Drone x2  
  18  2:10  Drone  
  18  2:11  Drone  
  18  2:15  Extractor  
  19  2:20  Drone  
  20  2:25  Drone  
  21  2:31  Drone  
  21  2:35  Drone  
  21  2:36  Metabolic Boost  
  23  2:57  Drone  
  23  2:58  Drone x2  
  26  2:59  Drone  
  27  3:09  Queen  
  29  3:14  Hatchery  
  29  3:18  Zergling x6  
  31  3:24  Queen  
  33  3:29  Overlord  
  33  3:59  Lair  
  33  4:00  Drone  
  33  4:01  Drone x2  
  36  4:11  Overlord x3  
  36  4:18  Overlord x2  
  36  4:30  Drone x5  
  40  4:31  Zergling x2  
  41  4:39  Queen  
  41  4:43  Queen  
  41  4:44  Drone x2  
  41  4:45  Drone  
  48  4:47  Drone  
  48  4:51  Drone x2  
  51  4:56  Spore Crawler  
  50  5:09  Pneumatized Carapace  
  50  5:14  Evolution Chamber  
  49  5:17  Infestation Pit  
  49  5:18  Drone x4, Queen  
  49  5:20  Drone  
  55  5:24  Drone x2  
  57  5:30  Spine Crawler  
  57  5:34  Spine Crawler  
  57  5:35  Zergling x6  
  58  5:47  Zerg Melee Weapons Level 1, Baneling Nest  
  57  5:50  Overlord x2  
  57  6:00  Spore Crawler  
  57  6:01  Spore Crawler  
  55  6:04  Queen, Spore Crawler  
  55  6:06  Spore Crawler  
  55  6:08  Spore Crawler  
  55  6:10  Spore Crawler  
  53  6:15  Spore Crawler  
  53  6:16  Overseer  
  52  6:18  Drone  
  52  6:19  Drone x3  
  52  6:24  Spore Crawler  
  55  6:42  Evolution Chamber  
  50  6:47  Drone x2  
  50  6:48  Drone x4  
  50  6:52  Queen  
  58  7:15  Hatchery, Drone x3  
  59  7:16  Drone x3  
  59  7:21  Zerg Missile Weapons Level 1, Spore Crawler  
  62  7:23  Hive  
  62  7:27  Hydralisk Den  
  62  7:28  Drone x3  
  62  7:29  Drone  
  65  7:31  Drone  
  65  7:33  Overlord  
  66  7:55  Drone  
  66  7:56  Drone x4  
  66  7:57  Extractor  
  66  7:58  Drone x3  
  73  7:59  Zergling x10  
  78  8:13  Hydralisk x3  
  78  8:14  Hydralisk x2  
  78  8:17  Grooved Spines  
  88  8:44  Drone x2  
  88  8:45  Drone x4  
  94  8:51  Drone x3  
  94  8:53  Queen x2  
  101  8:56  Hydralisk x2  
  101  8:57  Hydralisk x3  
  101  8:58  Extractor  
  101  9:00  Spore Crawler  
  109  9:06  Zergling x2  
  109  9:07  Zergling x4  
  112  9:16  Lurker Den  
  110  9:17  Spore Crawler  
  110  9:21  Spore Crawler  
  110  9:23  Spine Crawler  
  106  9:28  Muscular Augments  
  106  9:29  Hydralisk x2  
  110  9:31  Zergling x2  
  110  9:33  Overlord x3  
  110  9:34  Overlord x3  
  110  9:37  Zerg Missile Weapons Level 2  
  109  9:38  Zerg Ground Armor Level 1  
  109  9:43  Centrifical Hooks  
  104  9:59  Hydralisk  
  99  10:00  Hydralisk x9  
  99  10:01  Hydralisk x3  
  99  10:02  Zergling x4  
  118  10:15  Hydralisk x2  
  118  10:16  Hydralisk  
  124  10:22  Overseer  
  124  10:31  Spore Crawler  
  123  10:37  Drone x4, Extractor  
  123  10:38  Drone x6, Spine Crawler  
  131  10:43  Spine Crawler  
  131  10:46  Zergling x10  
  135  10:55  Drone x2  
  137  10:59  Extractor  
  137  11:01  Extractor  
  135  11:08  Adaptive Talons  
  133  11:11  Lurker  
  133  11:12  Lurker  
  133  11:17  Drone x3  
  133  11:18  Drone x2  
  136  11:26  Zergling x2  
  136  11:27  Zergling x14  
  136  11:29  Overlord x2  
  141  11:46  Hydralisk x6  
  149  12:01  Hydralisk x7  
  149  12:05  Seismic Spines  
  156  12:29  Drone x2  
  158  12:30  Drone x3  
  158  12:35  Drone x3  
  158  12:36  Hydralisk x4  
  158  12:37  Hydralisk x2  
  159  12:38  Zergling x2  
  159  12:39  Zergling x2  
  154  13:14  Adrenal Glands  
  154  13:18  Zerg Missile Weapons Level 3  
  154  13:19  Zerg Ground Armor Level 2  
  115  13:29  Zergling x2  
  115  13:30  Zergling x18  
  115  13:31  Zergling x8  
  115  13:32  Hatchery  
  115  13:33  Queen  
  115  13:34  Queen x3  
  130  13:48  Hydralisk x5  
  130  13:49  Hydralisk  
  130  13:51  Lurker x5  
  130  13:52  Zergling x4  
  149  13:57  Hydralisk x2, Spore Crawler  
  149  13:59  Spore Crawler  
  151  14:08  Spire  
  151  14:09  Queen  
  152  14:15  Overseer  
  152  14:16  Hydralisk x2  
  148  15:10  Hydralisk x9  
  148  15:11  Hydralisk x3  
  148  15:13  Overlord x4  
  148  15:14  Overlord  
  144  15:43  Drone x2  
  144  15:44  Drone x4  
  150  15:54  Spore Crawler x2  
  150  15:55  Spine Crawler  
  150  15:56  Spine Crawler x4  
  143  15:57  Extractor, Lurker x5, Overseer  
  143  15:58  Hydralisk x5  
  143  15:59  Hydralisk x5, Spore Crawler  
  143  16:00  Zergling x2  
  143  16:01  Zergling x12  
  173  16:13  Overseer x3  
  173  16:14  Hydralisk, Overseer  
  175  16:36  Hydralisk x3  
  175  16:37  Hydralisk x9  
  195  16:41  Baneling x2  
  195  16:43  Baneling, Zergling x4  
  195  16:44  Zergling x6  
  195  16:45  Zergling x2  
Show
View Real Time Build Order
Export as new Build Order

Massa Terran 

Build Orders: Reaper Expand 

Get SALT Encoding   

  12  0:03  SCV  
  13  0:15  SCV  
  13  0:18  Supply Depot  
  14  0:27  SCV  
  15  0:40  SCV  
  15  0:42  Barracks  
  16  0:52  SCV, Supply Depot  
  17  1:03  Refinery  
  17  1:17  SCV  
  18  1:29  SCV  
  19  1:47  Orbital Command  
  19  1:48  Refinery  
  19  1:54  Barracks  
  19  1:59  Reaper  
  20  2:18  Command Center  
  20  2:23  Factory  
  20  2:32  Marine  
  21  2:41  Marine  
  22  2:49  Marine  
  23  2:59  SCV  
  23  3:03  Barracks Reactor  
  24  3:07  Factory Reactor  
  24  3:11  SCV  
  25  3:12  Barracks  
  25  4:05  SCV  
  23  4:14  Marine x3  
  23  4:17  SCV  
  23  4:29  SCV  
  19  4:31  Marine  
  19  4:34  SCV  
  21  4:41  SCV  
  22  4:46  SCV  
  22  4:47  Widow Mine x2  
  22  4:50  Barracks Tech Lab  
  27  4:53  SCV  
  27  4:56  Marine x2  
  27  4:57  Marine  
  27  4:58  SCV  
  32  5:05  SCV  
  33  5:08  Widow Mine  
  33  5:09  Widow Mine  
  33  5:10  SCV  
  38  5:17  SCV  
  39  5:22  SCV  
  40  5:29  SCV, Marauder  
  40  5:34  SCV  
  44  5:41  SCV  
  45  5:46  SCV  
  46  5:50  Refinery  
  46  6:04  Supply Depot x2  
  46  6:05  Supply Depot  
  46  6:08  Engineering Bay  
  46  6:26  Widow Mine x2, SCV, Marauder  
  46  6:30  Orbital Command  
  53  6:38  SCV  
  54  6:40  Marine  
  54  6:43  Marine  
  54  6:46  Marine  
  57  6:47  Marauder  
  57  6:50  SCV  
  57  6:51  Stimpack  
  60  7:02  SCV  
  60  7:07  Missile Turret  
  61  7:09  Marauder  
  61  7:10  Missile Turret  
  61  7:12  Missile Turret  
  61  7:14  SCV  
  64  7:21  Widow Mine x2  
  68  7:29  Armory  
  68  7:30  Marauder, Terran Infantry Weapons Level 1  
  70  8:10  Supply Depot  
  70  8:11  Supply Depot  
  70  8:13  Marine x2  
  70  8:15  Supply Depot  
  70  8:16  Marine  
  69  8:31  Marine, Concussive Shells  
  69  8:32  Widow Mine x2, Marauder, Marine  
  69  8:34  Marine  
  77  8:38  SCV x2  
  80  8:47  Barracks  
  80  8:49  Marine x2  
  80  8:50  SCV x2  
  80  8:51  Marine  
  80  8:54  Marauder  
  87  9:02  SCV  
  88  9:04  Command Center  
  88  9:05  Missile Turret  
  88  9:07  Marine x2  
  88  9:09  Marine  
  91  9:10  Missile Turret  
  91  9:11  Missile Turret  
  91  9:14  Combat Shield  
  91  9:15  Marauder  
  93  9:42  Marauder  
  77  10:02  Marine x3  
  77  10:03  Marauder, Marine  
  63  10:20  Marine x4  
  61  10:25  Marauder  
  63  10:33  Refinery  
  63  10:38  Marine  
  63  10:40  SCV  
  63  10:41  SCV  
  68  10:52  SCV  
  68  10:53  SCV  
  68  10:55  Command Center  
  68  11:04  SCV  
  68  11:05  SCV  
  70  11:16  Barracks Tech Lab, SCV  
  70  11:17  SCV  
  72  11:21  Marine x4  
  77  11:28  Barracks Tech Lab  
  77  11:29  SCV x2  
  78  11:33  Barracks  
  78  11:37  Factory  
  78  11:38  Marine  
  78  11:39  Marine x3  
  82  11:42  Missile Turret  
  82  11:45  Orbital Command  
  82  11:47  SCV x2  
  82  11:52  Missile Turret  
  84  11:55  Marauder x2  
  84  11:56  Marine  
  84  11:57  Marine x3  
  84  11:58  Thor  
  84  11:59  SCV x2  
  100  12:11  SCV x2  
  100  12:12  Terran Infantry Weapons Level 2  
  100  12:13  Missile Turret  
  100  12:14  Marine  
  100  12:15  Marine x3  
  106  12:17  Marauder x2, Engineering Bay  
  110  12:23  SCV  
  111  12:32  Marine  
  111  12:33  Barracks Tech Lab, Marine  
  111  12:34  Marine x2, Missile Turret  
  115  12:37  Factory Tech Lab  
  115  12:38  Marauder x2  
  115  12:41  Refinery  
  115  12:43  SCV  
  115  12:44  SCV x2  
  122  12:47  Thor  
  122  12:50  Marine  
  122  12:51  Marine x2  
  122  12:55  SCV, Missile Turret  
  124  12:59  Marine  
  124  13:00  Marauder  
  123  13:07  Marauder  
  123  13:08  Marine  
  123  13:09  Marine x2  
  117  13:15  Missile Turret  
  117  13:17  Marine  
  101  13:21  Marauder  
  101  13:25  SCV  
  101  13:26  SCV x2  
  101  13:29  Marauder  
  101  13:30  Orbital Command, Thor  
  109  13:36  Thor  
  109  13:37  SCV  
  109  13:38  SCV x2  
  118  13:43  Marauder  
  120  13:49  SCV  
  120  13:50  SCV x2  
  123  13:58  Missile Turret x2  
  123  14:01  SCV  
  124  14:03  Supply Depot x2  
  124  14:04  Supply Depot x2  
  124  14:06  Supply Depot  
  124  14:07  Smart Servos  
  124  14:08  Supply Depot  
  124  14:25  SCV x3, Marauder, Thor x2  
  141  14:31  Starport  
  141  14:34  Supply Depot  
  107  14:55  Marine x7  
  104  15:13  Marine x7  
  109  15:30  Marine  
  109  15:31  Marine x2  
  109  15:32  Marauder x2  
  109  15:35  Marauder, Marine  
  119  15:48  Marine  
  119  15:49  Marine x2  
  120  15:53  Marauder x2, Marine  
  120  15:55  SCV x3  
  130  15:57  Marauder  
  130  16:06  Marine  
  130  16:07  SCV x2  
  130  16:10  Thor  
  140  16:14  Marauder x2  
  137  16:19  SCV  
  85  17:33  Supply Depot  
  85  17:34  Supply Depot  
  85  17:35  Supply Depot  
  85  17:37  Supply Depot  
  78  17:39  Supply Depot  
  75  17:58  Supply Depot  
  75  18:00  Supply Depot  
  75  18:04  Supply Depot  
  63  18:06  Supply Depot  
  63  18:08  Supply Depot  
Show
View Real Time Build Order
Export as new Build Order

qqq Zerg 

Build Orders: Hatch First 

Get SALT Encoding   

  12  0:04  Drone  
  13  0:08  Drone  
  14  0:37  Hatchery  
  13  0:49  Spawning Pool  
  12  0:53  Drone  
  13  1:07  Drone, Overlord  
  14  1:14  Extractor, Drone  
  14  1:25  Drone  
  15  1:32  Drone  
  16  1:38  Queen  
  18  1:42  Drone  
  19  1:51  Drone  
  19  1:53  Drone  
  21  2:03  Drone  
  21  2:04  Queen  
  21  2:06  Drone  
  25  2:14  Drone  
  26  2:15  Drone  
  26  2:22  Drone  
  28  2:29  Overlord  
  28  2:31  Metabolic Boost  
  28  2:50  Drone x2  
  30  2:51  Drone x2  
  30  2:52  Drone x3  
  35  2:59  Lair  
  35  3:04  Drone  
  36  3:09  Extractor, Overlord  
  35  3:12  Extractor  
  35  3:13  Extractor  
  35  3:15  Drone  
  35  3:18  Drone  
  35  3:19  Drone  
  36  3:21  Overlord  
  36  3:24  Overlord  
  36  3:28  Drone x2  
  38  3:34  Drone  
  39  3:42  Drone  
  39  3:45  Drone  
  39  3:47  Drone  
  39  3:48  Drone x2  
  44  3:56  Drone  
  44  3:57  Drone x3  
  44  3:58  Drone  
  49  4:06  Spire  
  48  4:14  Drone  
  49  4:20  Spore Crawler  
  49  4:22  Spore Crawler  
  49  4:24  Drone  
  48  4:25  Drone  
  49  4:38  Drone  
  50  4:40  Hatchery  
  49  4:50  Drone  
  49  4:51  Drone x2  
  52  5:08  Drone  
  53  5:17  Mutalisk x3  
  53  5:20  Overlord x5  
  59  5:26  Drone  
  60  5:35  Hatchery, Zerg Flyer Weapons Level 1  
  59  5:38  Mutalisk x4  
  59  5:40  Mutalisk  
  69  5:43  Mutalisk  
  69  5:49  Hatchery  
  70  5:50  Mutalisk x2  
  74  5:58  Mutalisk  
  74  5:59  Mutalisk  
  78  6:09  Mutalisk  
  78  6:10  Drone  
  78  6:11  Drone x4  
  85  6:12  Drone x2  
  87  6:24  Mutalisk x2  
  91  6:28  Drone x2  
  91  6:32  Drone  
  94  6:33  Drone x2  
  94  6:38  Mutalisk  
  99  6:40  Zergling x8  
  100  6:49  Mutalisk  
  100  6:50  Drone x3  
  95  7:11  Mutalisk x3  
  99  7:21  Mutalisk  
  99  7:23  Drone, Zergling x2  
  99  7:25  Drone x8  
  99  7:26  Drone  
  106  7:47  Spore Crawler  
  106  7:49  Spore Crawler  
  106  7:50  Spine Crawler  
  103  7:52  Spore Crawler  
  103  7:53  Extractor, Mutalisk x2  
  103  7:54  Extractor, Mutalisk  
  106  8:01  Drone x2  
  106  8:02  Drone x7  
  106  8:03  Mutalisk  
  106  8:05  Zergling x2  
  118  8:07  Overlord x2  
  118  8:08  Overlord  
  118  8:17  Infestation Pit  
  117  8:29  Roach Warren, Mutalisk x2  
  117  8:34  Zergling x4  
  122  8:35  Drone x7  
  122  8:36  Drone x2  
  122  8:38  Extractor  
  130  8:44  Hatchery  
  130  8:47  Drone  
  130  8:51  Zerg Flyer Armor Level 1, Overlord  
  130  8:52  Overlord x3  
  130  8:56  Hatchery, Hive  
  130  9:01  Zergling x6  
  130  9:02  Drone x4  
  135  9:11  Mutalisk  
  135  9:12  Mutalisk x2  
  135  9:16  Spine Crawler  
  135  9:17  Spine Crawler  
  135  9:21  Mutalisk x2  
  135  9:22  Drone  
  135  9:23  Drone x3  
  136  9:27  Spine Crawler  
  136  9:28  Spine Crawler  
  136  9:31  Spore Crawler  
  133  9:32  Spine Crawler  
  133  9:35  Drone x2  
  132  9:41  Drone  
  132  9:42  Drone  
  115  10:20  Corruptor x5  
  115  10:21  Corruptor x4  
  123  10:22  Drone x2  
  123  10:23  Drone x6  
  139  10:31  Drone  
  140  10:39  Spore Crawler  
  140  10:40  Drone, Spine Crawler  
  140  10:41  Spine Crawler  
  140  10:42  Spore Crawler  
  137  10:43  Spine Crawler  
  137  10:49  Ultralisk Cavern  
  135  10:50  Zerg Flyer Weapons Level 2  
  135  10:51  Corruptor x2  
  135  10:53  Zergling x8  
  135  10:54  Drone x5  
  148  11:01  Hatchery  
  147  11:15  Drone x2  
  147  11:16  Drone x4  
  153  11:21  Corruptor x2  
  153  11:22  Corruptor x3  
  153  11:24  Drone x3  
  166  11:31  Spine Crawler  
  166  11:32  Spine Crawler  
  164  11:33  Drone x2  
  164  11:34  Spore Crawler  
  165  11:40  Spine Crawler  
  165  11:43  Spine Crawler  
  165  11:46  Spine Crawler  
  161  11:52  Drone  
  161  11:53  Drone x3  
  161  11:54  Drone x2  
  167  11:59  Overlord x6  
  167  12:00  Overlord  
  167  12:02  Anabolic Synthesis  
  167  12:07  Evolution Chamber  
  162  12:08  Evolution Chamber  
  148  12:17  Ultralisk x3  
  148  12:18  Zergling x4  
  148  12:19  Zergling x2  
  148  12:20  Zergling x10  
  157  12:41  Mutalisk x3  
  157  12:42  Mutalisk x2, Zergling x2  
  157  12:43  Zergling x4  
  157  12:44  Zergling x10  
  161  13:05  Corruptor x2  
  161  13:06  Corruptor x2  
  161  13:07  Drone x4  
  161  13:08  Drone  
  161  13:11  Zergling x8  
  161  13:12  Zergling x2  
  166  13:21  Ultralisk  
  166  13:22  Zergling x4  
  166  13:24  Zergling x10  
  170  13:39  Drone x5, Hatchery  
  174  13:43  Spine Crawler  
  174  13:44  Spore Crawler  
  172  13:52  Zergling x4, Ultralisk x2  
  172  13:53  Zergling x10  
  172  13:54  Drone x4  
  195  13:59  Extractor x2  
  185  14:19  Corruptor  
  185  14:20  Corruptor x5  
  177  14:43  Corruptor x5  
  160  14:58  Corruptor  
  160  14:59  Corruptor x2  
  165  15:00  Zergling x6  
  165  15:01  Drone, Zergling x2  
  165  15:02  Drone x7  
  165  15:03  Drone  
  140  15:19  Ultralisk  
  140  15:20  Zergling x6, Ultralisk  
  135  15:22  Drone  
  136  15:29  Zergling x4, Ultralisk  
  136  15:32  Chitinous Plating  
  142  15:36  Zerg Melee Weapons Level 1  
  142  15:42  Hatchery  
  137  15:44  Hatchery  
  137  15:47  Hatchery  
  133  15:56  Corruptor x4  
  141  15:59  Hatchery  
  141  16:01  Hatchery, Zergling x14  
  141  16:03  Hatchery  
  145  16:06  Zergling x2  
  146  16:17  Infestation Pit  
  145  16:30  Hatchery  
  137  16:45  Corruptor x3  
  137  16:46  Hatchery, Ultralisk  
  137  16:47  Ultralisk  
  150  17:09  Zergling x2, Ultralisk x2  
  150  17:10  Zergling x12  
  150  17:11  Drone x2  
  163  17:38  Zergling x10  
  163  17:41  Drone x3  
Tags
 
Add a new tag
Caveats
  • Supply blocks, unpowered buildings, or Contaminate may cause inaccurate times.
  • Supply counts are checked every 10 seconds.